 Dungeon Crawl Stone Soup version 0.17.1-1-g73c8601 (console) character file.

1898 Kloppie the Skirmisher (level 9, -1/81 HPs)
             Began as a Ghoul Gladiator on Dec 27, 2015.
             Slain by a killer bee (2 damage)
             ... on level 7 of the Dungeon.
             The game lasted 00:13:55 (6859 turns).

Kloppie the Skirmisher (Ghoul Gladiator)            Turns: 6859, Time: 00:13:55

Health: -1/81      AC: 12    Str: 19    XL:     9   Next: 15%
Magic:  8/8        EV: 14    Int:  5    God:
Gold:   216        SH:  0    Dex: 15    Spells: 0 memorised, 8 levels left

rFire  . . .     SeeInvis .     a - +1 long sword
rCold  + . .     Clarity  .     s - +0 chain mail
rNeg   + + +     SustAt   .     (no shield)
rPois  ∞         Gourm    .     r - +1 helmet
rElec  .         Spirit   .     (no cloak)
rCorr  .         Warding  .     (no gloves)
rMut   .         Stasis   .     (no boots)
MR     .....                    (no amulet)
Stlth  ..........               (no ring)
                                (no ring)

@: agile, rotting, not resistant to hostile enchantments, extremely unstealthy
A: rotting body, claws 1, carnivore 3, cold resistance 1, negative energy
resistance 3, slow regeneration 1, torment resistance, unbreathing
a: no special abilities


You were on level 7 of the Dungeon.
You were not hungry.

You visited 2 branches of the dungeon, and saw 9 of its levels.

You collected 216 gold pieces.

Inventory:

Hand Weapons
 a - a +1 long sword (weapon)
Missiles
 d - 3 throwing nets (quivered)
Armour
 r - a +1 helmet (worn)
 s - a +0 chain mail (worn)
 x - the +2 leather armour "Lexteroe" {rElec rF++ rC+ Dex+2, unknown}
   (You found it on level 7 of the Dungeon)

   It affects your dexterity (+2).
   It greatly protects you from fire.
   It protects you from cold.
   It insulates you from electricity.
Scrolls
 h - 2 scrolls of magic mapping
 i - a scroll of fog
 m - 2 scrolls of enchant weapon
 p - 3 scrolls of blinking
 u - a scroll of recharging
 w - 2 scrolls of amnesia
 y - a scroll of fear
 C - 3 scrolls of immolation
Potions
 c - a potion of berserk rage {unknown}
 g - a potion of might
 j - 2 potions of invisibility
 l - a potion of ambrosia {unknown}
 n - 2 potions of flight {unknown}
 o - 2 potions of heal wounds {unknown}
 v - a potion of cancellation {unknown}
 z - 5 potions of poison {unknown}
Comestibles
 b - 7 chunks of flesh
 e - 5 meat rations
 f - 2 beef jerkies
 t - a royal jelly


   Skills:
 + Level 7.8 Fighting
 + Level 6.6 Long Blades
 - Level 1.7 Throwing
 + Level 5.9 Armour
 - Level 2.6 Dodging


You had 8 spell levels left.
You didn't know any spells.

Dungeon Overview and Level Annotations

Branches:
Dungeon (8/15)             Temple (1/1) D:4
   Lair: D:8-11

Altars:
Ashenzari
Cheibriados
Dithmenos
Elyvilon
Fedhas
Gozag
Kikubaaqudgha
Nemelex Xobeh
Okawaru
Ru
Sif Muna
Trog
Vehumet
Xom
Yredelemnul
Zin
The Shining One

Shops:
D:8 (


Innate Abilities, Weirdness & Mutations

Your body is rotting away.
You thrive on raw meat.
You are immune to poison.
You have sharp fingernails.
You are carnivorous and can eat meat at any time.
Your flesh is cold resistant.
You are immune to negative energy.
You regenerate slowly when monsters are visible.
You are immune to unholy pain and torment.
You can survive without breathing.


Message History

The killer bee is almost dead.
The killer bee closely misses you. The killer bee barely misses you.
You barely miss the killer bee.
The killer bee is almost dead.
The killer bee barely misses you. The killer bee completely misses you.
You closely miss the killer bee.
The killer bee is almost dead.
The killer bee stings you.
* * * LOW HITPOINT WARNING * * *
The killer bee stings you!
* * * LOW HITPOINT WARNING * * *
Drink which item? (? for menu, Esc to quit)
You feel agile all of a sudden.
The killer bee stings you but does no damage.
The killer bee barely misses you.
You miss the killer bee.
The killer bee is almost dead.
The killer bee stings you but does no damage.
The killer bee stings you.
You die...

#.#.#.# ###.##
#..#.# #.....#
#..# #.....
##.####
###.#####.###
#.# #.....#
#.### #.#
#.....# #....
#.# #.....#
##### #.####
#.....# #....#
#.....# ####@#
####### #y# #.#
############ #.#
#........... #.#
#.#####..### #.#
##.#####..#
#.####.....##..#
#.......##.....#
#######.#####.##


You could see a killer bee.

Vanquished Creatures
  Eustachio (D:6)
  A wyvern (D:7)
  2 ice beasts
  3 phantoms
  An ogre (D:8)
  A centaur (D:7)
  A giant frog (D:7)
  A water moccasin zombie (D:7)
  A killer bee (D:7)
  2 scorpions
  3 crimson imps
  3 hounds
  A jelly (D:7)
  An orc priest (D:4)
  6 orc wizards
  3 worker ants
  An iguana (D:8)
  Robin (D:2)
  10 adders
  2 shadow imps
  2 oozes (D:4)
  An adder zombie (D:5)
  2 worms
  20 orcs
  A ball python (D:3)
  7 bats
  5 giant cockroaches
  16 goblins
  16 hobgoblins
  2 jackals (D:3)
  8 kobolds
  2 quokkas (D:4)
  7 giant geckos
  5 giant newts
  2 jackal zombies
  A quokka skeleton (D:7)
  4 rats
146 creatures vanquished.

Notes
Turn   | Place    | Note
--------------------------------------------------------------
     0 | D:1      | Kloppie the Ghoul Gladiator began the quest for the Orb.
     0 | D:1      | Reached XP level 1. HP: 17/17 MP: 0/0
   150 | D:1      | Reached XP level 2. HP: 20/25 MP: 1/1
   274 | D:1      | Reached skill level 3 in Long Blades
   393 | D:1      | Reached skill level 1 in Armour
   593 | D:1      | Reached XP level 3. HP: 25/30 MP: 2/2
   789 | D:2      | Noticed Robin
  1292 | D:2      | Killed Robin
  1292 | D:2      | Reached XP level 4. HP: 19/38 MP: 3/3
  1505 | D:2      | You fall through a shaft for 2 floors!
  1624 | D:3      | Found a white marble altar of Elyvilon.
  2132 | D:3      | Reached XP level 5. HP: 45/45 MP: 4/4
  2355 | D:3      | Found an opulent altar of Gozag.
  2356 | D:3      | Found a sparkling altar of Nemelex Xobeh.
  2561 | D:4      | Found a staircase to the Ecumenical Temple.
  2608 | D:4      | Reached skill level 4 in Fighting
  2803 | Temple   | Entered the Ecumenical Temple
  3007 | D:4      | Reached XP level 6. HP: 13/52 MP: 5/5
  3808 | D:5      | Entered Level 5 of the Dungeon
  4034 | D:5      | Reached skill level 5 in Fighting
  4034 | D:5      | Reached XP level 7. HP: 28/60 MP: 6/6
  4416 | D:6      | You fall through a shaft!
  4416 | D:7      | Found a shimmering altar of Xom.
  4575 | D:6      | Noticed Eustachio
  4618 | D:7      | Got a faintly humming leather armour
  4655 | D:7      | Reached skill level 5 in Long Blades
  4779 | D:7      | Reached skill level 6 in Fighting
  4779 | D:7      | Reached XP level 8. HP: 25/70 MP: 7/7
  5528 | D:6      | Killed Eustachio
  5840 | D:7      | Reached skill level 5 in Armour
  5909 | D:7      | Reached skill level 7 in Fighting
  6323 | D:8      | Reached XP level 9. HP: 59/78 MP: 8/8
  6347 | D:8      | Found Tikloz's Antique Weapon Emporium.
  6857 | D:7      | HP: 1/81 [killer bee (7)]
  6859 | D:7      | Slain by a killer bee

Action                   |  1- 3 |  4- 6 |  7- 9 || total
-------------------------+-------+-------+-------++-------
Melee: Long sword        |   134 |   270 |   357 ||   761
Throw: Throwing net      |       |       |     3 ||     3
  Use: Scroll            |       |    14 |     6 ||    20
       Potion            |       |       |     4 ||     4
 Stab: Held in net/web   |       |       |     1 ||     1
       Invisible         |       |       |     1 ||     1
  Eat: Chunk             |    18 |    25 |    20 ||    63
